[Event "FIDE Olympiad Disabilties-KO 2020"]
[Site "Online"]
[Date "2020.11.21"]
[Round "2.1"]
[White "Szewczyk, Malwina"]
[Black "Solomna, Svitlana"]
[Result "1-0"]
[ECO "D05"]
[WhiteElo "1418"]
[BlackElo "1434"]
[Annotator "NA RC"]
[PlyCount "81"]
[EventDate "2020.11.29"]
[EventType "team-tourn"]
[EventCountry "NET"]
[SourceTitle "playchess.com"]
[Source "ChessBase"]
[SourceQuality "1"]
[WhiteTeam "Poland"]
[BlackTeam "Ukraine"]
[WhiteTeamCountry "POL"]
[BlackTeamCountry "UKR"]
[TimeControl "1500+10"]

1. d4 d5 2. e3 Nf6 3. Bd3 e6 4. Nf3 h6 5. Nbd2 Be7 6. b3 O-O 7. O-O c5 8. Bb2 Nc6 9. Ne5 Qc7 10. a3 a6 11. f4 cxd4 12. exd4 b5 13. c4 bxc4 14. bxc4 Rb8 15. Bc3 dxc4 16. Ndxc4 Nd5 17. Bd2 Nxd4 18. Rb1 Bd7 19. Ba5 Qa7 20. Nxd7 Qxd7 21. Ne5 Qd6 22. Qa4 Nf5 23. Bxf5 exf5 24. Nd7 Rxb1 25. Rxb1 Rc8 26. Ne5 Qxa3 27. Qxa3 Bxa3 28. Bd2 Bc5+ 29. Kf1 Bd4 30. Nf3 Bf6 31. Ke2 Nc3+ 32. Bxc3 Rxc3 33. Rb8+ Kh7 34. Ra8 Rc6 35. Ra7 Kg6 36. h3 Bc3 37. Kd3 f6 38. Nh4+ Kh5 39. Nxf5 Bb4 40. g4+ Kg6 41. Rxg7# 1-0